 Dungeon Crawl Stone Soup version 0.17-a0-1945-gfe993df (webtiles) character file.

142418 shakdrar the Fencer (level 17, -4/143 HPs)
             Began as a Formicid Fighter on Sept 30, 2015.
             Was a High Priest of Ashenzari.
             Slain by a swamp dragon (16 damage)
             ... on level 3 of the Swamp.
             The game lasted 03:16:26 (39142 turns).

shakdrar the Fencer (Formicid Fighter)             Turns: 39142, Time: 03:16:27

Health: -4/143     AC: 11    Str: 24    XL:     17   Next: 96%
Magic:  26/26      EV: 13    Int: 10    God:    Ashenzari [*****.]
Gold:   2210       SH: 22    Dex: 13    Spells: 0 memorised, 16 levels left

rFire  x . .     SeeInvis +     L - +3 scimitar (flame)
rCold  + . .     Clarity  +     E - +0 leather armour of the Merchant {rPois Str-2 Dex+3 Stlth+}
rNeg   + . .     SustAt   .     x - +0 large shield (curse)
rPois  +         Gourm    +     (helmet unavailable)
rElec  .         Spirit   .     p - +0 cloak {MR+} (curse)
rCorr  .         Warding  .     n - +2 pair of gloves (curse)
rMut   .         Stasis   +     (no boots)
MR     ++...                    Q - amulet of the gourmand (curse)
Stlth  ++........               M - ring of ice
                                W - ring of positive energy (curse)

@: very resistant to hostile enchantments, unstealthy
A: permanent stasis, dig shafts and tunnels, four strong arms, antennae 3,
repulsion field 1, rugged brown scales 1
a: Dig, Shaft Self, Scrying, Transfer Knowledge, Renounce Religion


You were on level 3 of the Swamp.
You worshipped Ashenzari.
Ashenzari was extremely pleased with you.
You were full.

You visited 5 branches of the dungeon, and saw 28 of its levels.
You also visited: Ossuary and Ice Cave.

You collected 2951 gold pieces.
You spent 741 gold pieces at shops.

Inventory:

Hand weapons
 s - a +1 falchion of holy wrath
 t - a +1 long sword of draining
 G - a +1 long sword of electrocution
 J - the +6 long sword "Zozuege" {slice, rF+ MR+ MP-9 Str+6}
   (You bought it in a shop on level 8 of the Dungeon)

   It inflicts extra damage upon your enemies.
   It affects your strength (+6).
   It protects you from fire.
   It affects your resistance to hostile enchantments.
   It affects your magic capacity (-9).
 L - a +3 scimitar of flaming (weapon)
Missiles
 B - 7 poisoned tomahawks (quivered)
Armour
 b - a +1 cloak
 c - a +2 shield
 f - a +1 chain mail of magic resistance
 h - a +3 chain mail
 n - a cursed +2 pair of gloves (worn)
 p - a cursed +0 cloak of magic resistance (worn)
 x - a cursed +0 large shield (worn)
 E - the +0 leather armour of the Merchant (worn) {rPois Str-2 Dex+3 Stlth+}
   (You found it on level 4 of the Dungeon)

   It affects your strength (-2).
   It affects your dexterity (+3).
   It protects you from poison.
   It makes you more stealthy.
 H - a +0 ice dragon armour
 O - a swamp dragon hide
Jewellery
 u - an uncursed ring of protection from fire
 v - an uncursed ring of fire
 M - a ring of ice (right hand)
 Q - a cursed amulet of the gourmand (around neck)
 W - a cursed ring of positive energy (left hand)
Magical devices
 a - a wand of draining (11)
 o - a wand of digging (3)
 w - a wand of cold (11)
 A - a wand of draining (10)
 C - a wand of cold (7)
 I - a wand of lightning (6)
 K - a wand of cold (4)
Scrolls
 k - a scroll of curse weapon
 y - 7 scrolls of recharging
 z - 7 scrolls of remove curse
 N - 8 scrolls of identify
 Y - 3 scrolls of fear
Potions
 d - 5 potions of might
 g - a potion of brilliance
 j - 2 potions of flight
 l - 3 potions of curing
 D - 4 potions of agility
 F - a potion of berserk rage {unknown}
Miscellaneous
 r - a lantern of shadows
 Z - a phantom mirror
Comestibles
 e - 12 bread rations
 i - a meat ration
 m - 3 fruits
 q - a beef jerky


   Skills:
 + Level 14.2 Fighting
 * Level 17.2 Long Blades
 + Level 14.1 Armour
 + Level 15.2(17.4) Shields
 - Level 13.0(15.3) Evocations


You had 16 spell levels left.
You didn't know any spells.

Dungeon Overview and Level Annotations

Branches:
Dungeon (11/15)            Temple (1/1) D:4            Lair (8/8) D:10
  Swamp (4/4) Lair:6       Spider (0/4) Lair:4          Orc (4/4) D:9
    Elf (0/3) Orc:3
  Slime: Lair:6-8

Altars:
Ashenzari
Cheibriados
Dithmenos
Elyvilon
Fedhas
Gozag
Kikubaaqudgha
Makhleb
Nemelex Xobeh
Okawaru
Qazlal
Ru
Sif Muna
Trog
Vehumet
Xom
Yredelemnul
Zin
The Shining One
Beogh

Shops:
D:8 (   D:11 }   Orc:1 ?   Orc:2 [   Orc:4 [:!=

Portals:
Hell: Lair:8

Annotations:
Lair:6 exclusion: oklob plant
Lair:8 exclusion: oklob plant


Innate Abilities, Weirdness & Mutations

You are under a permanent stasis effect.
You can dig through walls and to a lower floor.
Your four strong arms can wield two-handed weapons with a shield.
You have a pair of large antennae on your head (SInv).
You are surrounded by a mild repulsion field (EV +2).
You are partially covered in rugged brown scales (AC +1, +3% HP).


Message History

You completely miss the four-headed hydra.
The four-headed hydra is severely wounded.
You feel sick. You block the hornet's attack.
You block the four-headed hydra's attack.
The four-headed hydra barely misses you.
You block the four-headed hydra's attack.
The four-headed hydra bites you.
* * * LOW HITPOINT WARNING * * *
The swamp dragon bites you!
* * * LOW HITPOINT WARNING * * *
The swamp dragon misses you. x2
Drink which item? (? for menu, Esc to quit)
You feel better. The hornet stings you.
* * * LOW HITPOINT WARNING * * *
You block the four-headed hydra's attack. x2
The four-headed hydra bites you!
* * * LOW HITPOINT WARNING * * *
You block the four-headed hydra's attack.
The swamp dragon bites you!
You die...

.♣♣♣♣♣♣..≈.≈..≈≈≈≈♣♣♣♣♣.≈≈≈≈≈≈≈≈≈
.♣ ♣..≈♣♣♣.....♣♣§♣.≈≈≈≈...≈≈≈
♣♣♣ ♣♣≈♣♣♣≈.≈≈§≈)..§≈≈≈≈≈§.§.≈≈
♣≈♣ ♣♣♣ ♣≈≈≈≈≈....≈≈≈≈§≈≈..(≈.
≈≈♣♣♣ ♣♣.≈≈≈...♣♣.≈≈≈≈≈≈..♣.
....♣ ♣♣≈.≈≈.≈♣♣.≈≈≈≈≈≈.... ≈...♣
♣♣♣♣♣.♣♣♣.≈≈≈≈≈≈..≈. .≈♣♣♣
♣♣.♣♣♣≈♣ ♣♣..≈≈≈§≈≈≈≈ .≈♣♣
♣≈.D@D.♣♣ ♣≈..≈≈≈≈≈≈. ...♣♣♣♣♣♣♣♣
♣.≈.†y≈.♣♣♣♣.≈≈≈≈....
§≈.♣..≈♣♣≈♣♣♣....≈≈≈≈♣ ♣.≈≈≈≈≈...
...♣≈...≈§≈.♣♣.≈≈≈≈≈≈♣ ♣♣≈≈≈....≈
♣♣≈.♣♣...≈≈.♣♣♣....≈♣♣♣♣≈≈§♣♣♣♣.≈
.≈....≈<..≈♣♣...♣♣♣♣♣§♣♣...♣♣≈≈.≈
≈..§≈≈≈≈<♣♣♣♣≈≈.♣ ♣♣.).♣.§.≈♣♣♣♣♣
≈≈≈≈≈≈≈≈≈♣ ♣≈≈≈♣ ♣...≈♣.≈..♣
≈≈≈≈§≈≈≈≈♣♣♣♣...♣♣♣♣.♣♣♣.≈.♣♣


You could see a four-headed hydra, a swamp dragon and a hornet.

Vanquished Creatures
  Nikola (Swamp:1)
  Gastronok (D:9)
  A thorn hunter (Swamp:1)
  An orc warlord (Orc:4)
  The ghost of Pikaro the Cruncher, a powerful DrVM of Ru (Lair:3)
  Josephine (Lair:7)
  17 hydras
  An ice dragon (Lair:7)
  4 catoblepae
  The ghost of ololoev the Carver, a powerful HEFi of Makhleb (Orc:3)
  Erica (D:9)
  Erolcha (D:9)
  6 orc high priests (Orc:4)
  7 death yaks (Lair:4)
  9 alligators
  Urug (Lair:4)
  A spriggan (Swamp:3)
  Sonja (Orc:2)
  A sun demon (Lair:8)
  A death drake (Swamp:2)
  2 spriggan druids
  4 spectral hydras (Swamp:2)
  2 phantasmal warriors (Swamp:2)
  A wizard (Lair:8)
  3 ice statues (IceCv)
  4 orc knights
  2 hill giants
  5 swamp dragons
  An ugly thing (D:11)
  A necromancer (Swamp:2)
  A griffon (Lair:8)
  A sixfirhy (Lair:8)
  8 orc sorcerers
  7 black mambas
  20 elephants
  Maurice (D:8)
  4 orange demons (Lair:8)
  Joseph (D:7)
  A smoke demon (Lair:8)
  A torpor snail (Lair:4)
  33 spiny frogs
  2 gargoyles
  9 komodo dragons
  5 fire drakes
  2 swamp worm zombies (Swamp:2)
  A queen bee (Lair:1)
  5 trolls
  5 two-headed ogres (Orc:4)
  2 polar bears
  2 spectral swamp dragons (Swamp:2)
  2 red devils (Lair:8)
  4 blue devils (Lair:8)
  6 giant leeches
  28 blink frogs
  Prince Ribbit (D:8)
  17 bog bodies
  22 slime creatures
  A boulder beetle (Lair:4)
  An alligator zombie (Swamp:2)
  2 shadows (Swamp:1)
  Sigmund (Lair:2)
  2 wyverns
  44 yaks
  3 giant leech zombies (Swamp:2)
  6 wraiths
  9 humans
  5 basilisks
  18 vampire mosquitoes
  A deep elf mage (D:11)
  4 wargs
  A steam dragon (D:7)
  6 hippogriffs
  4 insubstantial wisps
  14 wolves
  8 porcupines
  18 swamp worms
  54 orc warriors
  4 spiny frog zombies (Swamp:2)
  8 ice beasts
  16 water moccasins
  Duvessa (D:7)
  A large abomination (Swamp:2)
  3 wasps
  4 black bears
  6 swamp drakes
  15 ogres
  6 centaurs
  22 crocodiles
  2 necrophages
  A big kobold (D:11)
  2 phantoms
  14 giant frogs
  A wyvern zombie (D:6)
  Dowan (D:7)
  A scorpion (D:5)
  10 wights
  27 killer bees
  4 troll zombies (Swamp:2)
  4 spriggan zombies (Swamp:2)
  11 crimson imps
  17 jellies
  A centaur zombie (D:9)
  40 orc priests
  7 hounds
  4 centaur skeletons
  Jessica (D:2)
  7 iguanas
  40 orc wizards
  Natasha (thrice) (D:2)
  A gnoll shaman (D:5)
  A killer bee zombie (D:9)
  12 worker ants
  A hound skeleton (D:4)
  9 mummies
  A worker ant zombie (D:11)
  7 gnolls (D:5)
  14 adders
  A shadow imp (D:11)
  52 river rats
  An ooze (D:5)
  3 adder skeletons
  2 worms
  3 giant geckos
  289 orcs
  2 ball pythons
  2 giant cockroaches
  2 gnoll zombies (Ossuary)
  4 goblins
  6 hobgoblins
  12 sheep
  7 bats
  5 giant newts
  2 goblin skeletons (D:4)
  3 goblin zombies (D:4)
  3 hobgoblin zombies
  10 jackals
  A jackal skeleton (D:5)
  A jackal zombie (D:5)
  9 kobolds
  2 orc skeletons (D:4)
  6 orc zombies
  5 quokkas
  5 rats
  A spectral orc (D:3)
  A fungus (D:4)
1246 creatures vanquished.

Vanquished Creatures (others)
  An orc warrior (Orc:2)
  A giant frog (D:7)
  A scorpion (D:10)
  2 orcs
  37 fungi
  24 plants
66 creatures vanquished.

Grand Total: 1312 creatures vanquished

Notes
Turn   | Place    | Note
--------------------------------------------------------------
     0 | D:1      | shakdrar the Formicid Fighter began the quest for the Orb.
     0 | D:1      | Reached XP level 1. HP: 18/18 MP: 1/1
   227 | D:1      | Reached XP level 2. HP: 24/24 MP: 2/2
   371 | D:1      | Found a sparkling altar of Nemelex Xobeh.
   915 | D:2      | Noticed Natasha
   952 | D:2      | Killed Natasha
   952 | D:2      | Reached skill level 4 in Shields
   952 | D:2      | Reached XP level 3. HP: 19/30 MP: 3/3
  1120 | D:2      | Reached XP level 4. HP: 37/37 MP: 4/4
  1185 | D:2      | Noticed Jessica
  1187 | D:2      | Found a bloodstained altar of Trog.
  1190 | D:2      | Killed Jessica
  1247 | D:2      | Found an iron altar of Okawaru.
  1323 | D:2      | Noticed Natasha
  1326 | D:2      | Killed Natasha
  1326 | D:2      | Reached XP level 5. HP: 34/42 MP: 5/5
  1664 | D:2      | Noticed Natasha
  1672 | D:2      | Killed Natasha
  1919 | D:2      | Found a deep blue altar of Sif Muna.
  1919 | D:2      | Found a shadowy altar of Dithmenos.
  2004 | D:3      | Found a basalt altar of Yredelemnul.
  2609 | D:3      | Found a radiant altar of Vehumet.
  3510 | D:4      | Found a glowing golden altar of the Shining One.
  3536 | D:4      | Reached XP level 6. HP: 49/49 MP: 6/6
  3540 | D:4      | Got a crude leather armour
  3602 | D:4      | Found a blossoming altar of Fedhas.
  3681 | D:4      | Found a staircase to the Ecumenical Temple.
  3690 | Temple   | Entered the Ecumenical Temple
  3702 | Temple   | Became a worshipper of Ashenzari the Shackled
  3849 | D:4      | Found a glowing silver altar of Zin.
  3850 | D:4      | Found an opulent altar of Gozag.
  4035 | D:5      | Entered Level 5 of the Dungeon
  4130 | D:5      | Gained mutation: You are surrounded by a mild repulsion field (EV +2). [potion of beneficial mutation]
  4208 | D:5      | Reached skill level 5 in Shields
  4208 | D:5      | Reached XP level 7. HP: 41/55 MP: 7/7
  4219 | D:5      | Reached skill level 5 in Fighting
  4476 | D:5      | Reached skill level 5 in Long Blades
  4687 | D:5      | Found a shimmering altar of Xom.
  4748 | D:5      | Reached skill level 5 in Armour
  4778 | D:5      | You fall through a shaft for 2 floors!
  4808 | D:7      | Found a sand-covered staircase.
  4875 | Ossuary  | Entered an ossuary
  4890 | Ossuary  | Reached XP level 8. HP: 63/63 MP: 8/8
  4970 | Ossuary  | Acquired Ashenzari's first power
  5385 | D:7      | Reached skill level 6 in Long Blades
  5624 | D:7      | Found a shimmering altar of Xom.
  5685 | D:7      | Identified the +0 leather armour of the Merchant {rPois Str-2 Dex+3 Stlth+} (You found it on level 4 of the Dungeon)
  5740 | D:7      | Noticed Dowan
  5742 | D:7      | Noticed Duvessa
  5757 | D:7      | Killed Duvessa
  5771 | D:7      | Killed Dowan
  5880 | D:7      | Noticed Joseph
  5920 | D:7      | Killed Joseph
  5920 | D:7      | Reached skill level 7 in Long Blades
  5920 | D:7      | Reached XP level 9. HP: 28/71 MP: 9/9
  6116 | D:7      | Found a sacrificial altar of Ru.
  6797 | D:6      | Found a stormy altar of Qazlal.
  6961 | D:6      | Reached skill level 8 in Long Blades
  7657 | D:7      | Reached XP level 10. HP: 60/79 MP: 10/10
  8247 | D:8      | Noticed Prince Ribbit
  8415 | D:8      | Killed Prince Ribbit
  8613 | D:8      | Noticed Maurice
  8638 | D:8      | Killed Maurice
  8638 | D:8      | Reached skill level 9 in Long Blades
  8693 | D:8      | Found Ossoh's Antique Weapon Shop.
  8703 | D:8      | Bought a translucent long sword for 229 gold pieces
  8703 | D:8      | Identified the +6 long sword "Zozuege" {slice, rF+ MR+ MP-9 Str+6} (You bought it in a shop on level 8 of the Dungeon)
  9331 | D:9      | Noticed Erolcha
  9356 | D:9      | Killed Erolcha
  9478 | D:9      | Acquired Ashenzari's second power
  9508 | D:9      | Found an opulent altar of Gozag.
  9982 | D:9      | Found a staircase to the Orcish Mines.
 10260 | D:9      | Noticed Gastronok
 10295 | D:9      | Killed Gastronok
 10295 | D:9      | Reached skill level 10 in Long Blades
 10295 | D:9      | Reached XP level 11. HP: 29/87 MP: 2/11
 10543 | D:9      | Found a snail-covered altar of Cheibriados.
 10612 | D:9      | Noticed Erica
 10635 | D:9      | Killed Erica
 10891 | D:10     | Entered Level 10 of the Dungeon
 11088 | D:10     | Noticed a hill giant
 11104 | D:10     | Killed a hill giant
 11104 | D:10     | Reached skill level 10 in Shields
 11245 | D:10     | Reached skill level 11 in Long Blades
 11611 | D:10     | Found a staircase to the Lair.
 12178 | D:11     | Found Mehyora's Gadget Shoppe.
 12178 | D:11     | Noticed a brown ugly thing
 12223 | D:11     | Killed a brown ugly thing
 12223 | D:11     | Reached XP level 12. HP: 75/96 MP: 8/12
 12583 | D:11     | Noticed a hill giant
 12599 | D:11     | Killed a hill giant
 13713 | D:11     | Reached skill level 10 in Armour
 13922 | Lair:1   | Entered Level 1 of the Lair of Beasts
 13965 | Lair:1   | Reached skill level 10 in Fighting
 13965 | Lair:1   | Reached skill level 12 in Long Blades
 13973 | Lair:1   | Acquired Ashenzari's third power
 15452 | Lair:2   | Reached XP level 13. HP: 100/104 MP: 4/13
 15583 | Lair:2   | Noticed Sigmund
 15614 | Lair:2   | Reached skill level 13 in Long Blades
 15636 | Lair:2   | Killed Sigmund
 15866 | Lair:2   | Gained mutation: You are partially covered in rugged brown scales (AC +1, +3% HP). [potion of beneficial mutation]
 16518 | Lair:3   | Noticed Pikaro's ghost (powerful DrVM)
 16550 | Lair:3   | You fall through a shaft for 2 floors!
 17772 | Lair:4   | Found a hole to the Spider Nest.
 18002 | Lair:4   | Acquired Ashenzari's fourth power
 18221 | Lair:1   | Reached skill level 14 in Long Blades
 18958 | Lair:3   | Killed Pikaro's ghost
 18958 | Lair:3   | Reached XP level 14. HP: 74/116 MP: 14/14
 20300 | Lair:4   | Noticed Urug
 20314 | Lair:4   | Killed Urug
 20956 | Lair:5   | Got the eveningstar of Midwinter {crush, *Rage rElec rN++ Str+2}
 21734 | Lair:6   | Reached skill level 15 in Long Blades
 21780 | Lair:6   | Found a staircase to the Swamp.
 22766 | Lair:7   | Acquired Ashenzari's fifth power
 22837 | Lair:7   | Reached XP level 15. HP: 116/125 MP: 15/15
 22990 | Lair:7   | Noticed Josephine
 22997 | Lair:7   | Killed Josephine
 23146 | Lair:7   | Found a frozen archway.
 23264 | IceCv    | Entered an ice cave
 24515 | Lair:8   | Entered Level 8 of the Lair of Beasts
 24865 | Lair:8   | Reached skill level 16 in Long Blades
 25108 | Lair:8   | Reached skill level 1 in Evocations
 25692 | Lair:8   | Found a burning altar of Makhleb.
 25722 | Lair:8   | Reached skill level 5 in Evocations
 26029 | Lair:8   | Found a gateway to Hell.
 26279 | Lair:8   | Reached XP level 16. HP: 126/134 MP: 21/21
 27293 | Orc:1    | Entered Level 1 of the Orcish Mines
 28098 | Orc:1    | Found Lihasem's Magic Scroll Shop.
 28106 | Orc:1    | Bought a scroll of enchant weapon for 112 gold pieces
 28298 | Orc:2    | Noticed Sonja
 28388 | Orc:2    | Found Mabithre's Antique Armour Shoppe.
 28421 | Orc:2    | Killed Sonja
 28832 | Orc:3    | Found a staircase to the Elven Halls.
 28904 | Orc:3    | Noticed ololoev's ghost (powerful HEFi)
 28940 | Orc:3    | Killed ololoev's ghost
 29601 | Orc:4    | Entered Level 4 of the Orcish Mines
 29709 | Orc:4    | Reached skill level 10 in Evocations
 30947 | Orc:4    | Found Zumazurch's Antique Armour Emporium.
 31272 | Orc:4    | Found a roughly hewn altar of Beogh.
 31298 | Orc:4    | Found Feur's Book Shoppe.
 31668 | Orc:4    | Found a roughly hewn altar of Beogh.
 31842 | Orc:4    | Found Hawkio's Jewellery Emporium.
 31857 | Orc:4    | Found Ovuzuqat's Distillery.
 31862 | Orc:4    | Bought a potion of heal wounds for 50 gold pieces
 31862 | Orc:4    | Bought 2 potions of heal wounds for 100 gold pieces
 31862 | Orc:4    | Bought a potion of heal wounds for 50 gold pieces
 31862 | Orc:4    | Bought a potion of invisibility for 80 gold pieces
 31862 | Orc:4    | Bought a potion of might for 40 gold pieces
 31862 | Orc:4    | Bought a potion of might for 40 gold pieces
 31862 | Orc:4    | Bought a potion of agility for 40 gold pieces
 32988 | Swamp:1  | Entered Level 1 of the Swamp
 32990 | Swamp:1  | Noticed a thorn hunter
 33008 | Swamp:1  | Killed a thorn hunter
 33638 | Swamp:1  | Noticed Nikola
 33687 | Swamp:1  | Killed Nikola
 33687 | Swamp:1  | Reached XP level 17. HP: 29/141 MP: 17/26
 37280 | Swamp:3  | Reached skill level 15 in Shields
 37604 | Swamp:3  | Reached skill level 17 in Long Blades
 38631 | Swamp:4  | Entered Level 4 of the Swamp
 39142 | Swamp:3  | Slain by a swamp dragon

Vault maps used:
D:1:      ncdulo_halloftheorcs, roderic_roman_lattice,
          hangedman_abyss_or_decor_lesser_grid, nemelex_diamond_rough_becter
D:2:      grunt_temple_overflow_open, gammafunk_temple_overflow_statue,
          uniq_natasha, uniq_jessica
D:3:      kennysheep_six_static_rooms, yredelemnul_forgotten_temple_becter,
          vehumet_altar_wand_db
D:4:      grunt_temple_overflow_gold_and_silver, nicolae_tso_besieged_by_evil,
          fedhas_altar_3, temple_pool_a, first_bread
D:5:      dk_xom_monty_hall
D:6:      nicolae_qazlal_style_of_elements
D:7:      nicolae_ru_awakened_eye, lemuel_coloured_pillars_altar,
          gup_ossuary_entry_pyramid, uniq_joseph, uniq_duvessa
D:8:      serial_shops, shop, uniq_maurice, uniq_prince_ribbit1
D:9:      kennysheep_mini_moat, hiddenorc2_lemuel, grunt_gozag_statues,
          uniq_erica, uniq_gastronok, uniq_erolcha
D:10:     david_lair_generic, grunt_pizzeria, grunt_decor_mini_mirrors
D:11:     serial_shops, kennysheep_little_box, lab_entry_generic,
          minmay_stone_trees_medium
Temple:   circular_temple_6
Lair:1:   special_room
Lair:2:   erik_1, beast_lair_carwin_3
Lair:3:   lemuel_fruit_fields
Lair:4:   spider_nest_entry_web_field, beast_lair_carwin_7, uniq_urug
Lair:6:   swamp_mist
Lair:7:   portal_ice_cave_entry_animals_and_master, grunt_megastairs_3,
          uniq_josephine
Lair:8:   evil_forest, minmay_slime_entry_oklob_open, serial_bayou_shore_a
Swamp:1:  hangedman_swamp_cone, swamp_pool1, nicolae_swamp_baby_hydras,
          uniq_nikola
Swamp:2:  cheibrodos_swamp_mausoleum, evilmike_swamp_ruin_house_1, swamp_pool1
Swamp:3:  evilmike_swamp_ruin_house_4
Swamp:4:  swamp_alternative, swamp_pool4, uniq_jorgrun, uniq_roxanne,
          uniq_louise
Orc:1:    serial_shops, nicolae_shop_trees
Orc:2:    serial_shops, shop, library_closet, uniq_sonja
Orc:3:    nicolae_orc_pool_cavern
Orc:4:    pubby_orc_utopia
Ossuary:  ossuary_tomb_3
IceCv:    ice_cave_statue_garden_02

Action                   |  1- 3 |  4- 6 |  7- 9 | 10-12 | 13-15 | 16-18 || total
-------------------------+-------+-------+-------+-------+-------+-------++-------
Melee: Long sword        |    80 |   254 |   197 |   860 |  1034 |  1443 ||  3868
       Scimitar          |       |       |   198 |    41 |   805 |   575 ||  1619
Throw: Tomahawk          |       |       |       |       |       |     5 ||     5
Invok: Scrying           |       |       |       |     1 |       |       ||     1
 Abil: Shaft Self        |       |       |     1 |       |     1 |       ||     2
       Dig               |       |       |       |     7 |     7 |     2 ||    16
Evoke: Wand              |       |     1 |       |       |       |    16 ||    17
  Use: Scroll            |     5 |    14 |     6 |     4 |    12 |    13 ||    54
       Potion            |       |     1 |     3 |     6 |     3 |    14 ||    27
 Stab: Distracted        |       |       |     2 |     1 |       |       ||     3
       Sleeping          |       |       |     2 |     3 |       |       ||     5
  Eat: Chunk             |     1 |    10 |     7 |    10 |    69 |    41 ||   138
       Bread ration      |       |       |     1 |     3 |       |       ||     4
       Meat ration       |       |       |       |     1 |       |       ||     1
